AoeStats
← eze402

Arabia

510239632Analyzed
2v2 RM · 2d ago on Sep 30, 2026· 56m 13s· 4 players
Game mode
Random Map
Map size
Medium (4 player)
Population
200
Speed
Normal
Resources
Standard
Victory
Conquest
Starting age
Dark Age
Ending age
Imperial Age
RankedLock teamsTeams togetherTeam positionsShared explorationLock speedFull tech treeHidden civsTurbo modeCheats
Victory
Defeat
🇨🇴 Wu · Colombia
1088
+18
🇨🇴 Malians · Colombia
1088
+18
🇦🇷 Bohemians · Argentina
1125
-18
🇦🇷 Italians · Argentina
1124
-18
carlosed93
10:14 Feudal Age
10:49 Double-Bit Axe
11:25 Loom
14:25 Horse Collar
22:06 Castle Age
22:26 Elite Skirmisher
25:27 Fletching
26:25 Heavy Plow
38:04 Town Watch
45:49 Imperial Age
48:16 Crop Rotation
49:22 Chemistry
49:17 Gold Mining
52:59 Wheelbarrow
53:25 Treadmill Crane
54:29 Hand Cart
56:45 Ballistics
mac3201
10:18 Feudal Age
11:04 Double-Bit Axe
18:05 Castle Age
17:34 Scale Mail Armor
18:21 Padded Archer Armor
20:33 Forging
26:05 Wheelbarrow
26:04 Leather Archer Armor
25:22 Elite Skirmisher
26:36 Chain Mail Armor
27:43 Stone Mining
27:43 Gold Mining
28:09 Arson
31:16 Fletching
32:05 Iron Casting
32:13 Bow Saw
33:04 Pikeman
38:04 Hand Cart
38:22 Red Cliffs Tactics
42:34 Imperial Age
40:30 Squires
41:41 Fletching
43:08 Elite Fire Archer
45:07 Chemistry
44:06 Bodkin Arrow
44:14 Horse Collar
45:50 Loom
45:50 Town Watch
47:21 Ballistics
48:09 Town Patrol
48:13 Bracer
48:44 Plate Mail Armor
49:15 Blast Furnace
48:57 Murder Holes
50:36 Sitting Tiger
54:44 Spies/Treason
eze402
7:16 Loom
10:08 Feudal Age
11:02 Double-Bit Axe
14:05 Fletching
15:30 Padded Archer Armor
17:22 Horse Collar
22:51 Castle Age
22:46 Wheelbarrow
21:56 Town Watch
23:29 Bodkin Arrow
22:55 Crossbowman
23:58 Bow Saw
23:41 Gold Mining
30:41 Town Patrol
31:01 Hand Cart
31:40 Ballistics
37:26 Thumb Ring
40:46 Imperial Age
40:47 Arbalester
41:39 Bracer
41:05 Capped Ram
42:54 Leather Archer Armor
48:05 Conscription
48:54 Redemption
49:44 Block Printing
PlasticMind
12:50 Loom
19:13 Feudal Age
17:30 Loom
24:08 Castle Age
Connection lost

Rejoining the realm…

Still unreachable

The connection could not be restored.

Session expired

The server has moved on; the page needs a fresh start.